 Dungeon Crawl Stone Soup version 0.21-a0-346-g330ab2c (webtiles) character file.

183 Hasart the Ruffian (level 5, 0/41 HPs)
             Began as a Demonspawn Fighter on Oct 5, 2017.
             Slain by a white imp (1 damage)
             ... summoned by Natasha
             ... on level 3 of the Dungeon.
             The game lasted 00:03:51 (2366 turns).

Hasart the Ruffian (Demonspawn Fighter)             Turns: 2366, Time: 00:03:53

Health: 0/41       AC:  8    Str: 18    XL:     5   Next: 35%
Magic:  5/5        EV:  7    Int:  9    God:
Gold:   92         SH:  8    Dex: 12    Spells: 4/4 levels left

rFire    . . .     SeeInvis .     - Unarmed
rCold    . . .     Gourm    .   c - +0 shield
rNeg     . . .     Faith    .   b - +0 scale mail
rPois    .         Spirit   .   j - +0 helmet
rElec    .         Reflect  .   w - +0 cloak
rCorr    .         Harm     .   (no gloves)
MR       .....                  (no boots)
Stlth    ..........             (no amulet)
HPRegen  0.13/turn              (no ring)
MPRegen  0.09/turn              (no ring)

@: slowed, very slow
A: claws 2
a: no special abilities


You were on level 3 of the Dungeon.
You were not hungry.

You visited 1 branch of the dungeon, and saw 3 of its levels.

You collected 92 gold pieces.

Inventory:

Armour
 b - a +0 scale mail (worn)
 c - a +0 shield (worn)
 j - a +0 helmet (worn)
 w - a +0 cloak (worn)
Scrolls
 e - 4 scrolls of identify {unknown}
 g - 2 scrolls of recharging {unknown}
 l - a scroll of amnesia {unknown}
 m - a scroll of enchant armour {unknown}
 t - a scroll of fog {unknown}
 u - a scroll of teleportation {unknown}
Potions
 a - 3 potions of brilliance {unknown}
 d - 2 potions of might
 h - 2 potions of magic {unknown}
 k - 2 potions of mutation {unknown}
 o - a potion of haste {unknown}
 q - a potion of flight {unknown}
 r - a potion of curing
 s - 2 potions of heal wounds {unknown}
 v - a potion of agility
Comestibles
 f - 2 bread rations
 i - a meat ration
 n - a royal jelly
 p - 7 chunks of flesh


   Skills:
 - Level 3.0 Fighting
   Level 2.5 Maces & Flails
 - Level 2.6 Armour
 - Level 2.6 Shields
 + Level 4.3 Unarmed Combat


You had 4 spell levels left.
You didn't know any spells.

Dungeon Overview and Level Annotations

Branches:
Dungeon (3/15)

Altars:
Okawaru

Annotations:
D:3 Natasha


Innate Abilities, Weirdness & Mutations

You have very sharp fingernails.


Message History

The puff of frost hits you! You block Natasha's attack.
You block the crimson imp's attack. The white imp hits you.
The white imp freezes you.
You claw Natasha!
Natasha is almost dead.
Natasha claws you.
* * * LOW HITPOINT WARNING * * *
The crimson imp grins evilly.
The crimson imp hits you.
* * * LOW HITPOINT WARNING * * *
You block the white imp's attack. Natasha claws you.
* * * LOW HITPOINT WARNING * * *
The crimson imp blinks!
You miss Natasha.
Natasha is almost dead.
The white imp gestures at you. The puff of frost hits you!
* * * LOW HITPOINT WARNING * * *
Natasha claws you but does no damage. The white imp hits you.
You die...

#####.<.##.......
##.#######... #.# #.#.
#.# #.#. ##+## #.#. ####
##...## #.#.
..###.....## #.## #
#5##.......## #.#.
#...##@#.........###...
......h§'.........+.....
##......#.........####.<
##.#.####.......## ##. #
#. ##.....## ## #.
##..)## # ##'##
#.########
####........###


You could see Natasha and a white imp.

Vanquished Creatures
  2 orc wizards (D:3)
  Jessica (D:2)
  Natasha (D:3)
  2 adders (D:2)
  2 worms (D:2)
  A dart slug (D:1)
  A leopard gecko (D:2)
  3 orcs (D:3)
  A giant cockroach (D:1)
  5 goblins
  5 hobgoblins
  7 jackals
  4 bats
  3 frilled lizards
  4 kobolds
  7 rats
49 creatures vanquished.

Notes
Turn   | Place    | Note
-------+----------+-------------------------------------------
     0 | D:1      | Hasart the Demonspawn Fighter began the quest for the Orb.
     0 | D:1      | Reached XP level 1. HP: 18/18 MP: 1/1
   372 | D:1      | Gained mutation: You have sharp fingernails. [demonic ancestry]
   372 | D:1      | Reached XP level 2. HP: 17/24 MP: 2/2
   583 | D:1      | Reached skill level 1 in Unarmed Combat
  1198 | D:2      | Reached XP level 3. HP: 14/29 MP: 3/3
  1211 | D:2      | Reached skill level 2 in Unarmed Combat
  1692 | D:2      | Found an iron altar of Okawaru.
  1764 | D:2      | Noticed Jessica
  1770 | D:2      | Killed Jessica
  1770 | D:2      | Reached skill level 3 in Unarmed Combat
  1770 | D:2      | Gained mutation: You have very sharp fingernails. [demonic ancestry]
  1770 | D:2      | Reached XP level 4. HP: 35/35 MP: 4/4
  1976 | D:3      | Noticed Natasha
  1984 | D:3      | Killed Natasha
  1998 | D:3      | Found a faded altar of an unknown god.
  2128 | D:3      | Reached skill level 4 in Unarmed Combat
  2128 | D:3      | Reached XP level 5. HP: 33/41 MP: 5/5
  2351 | D:3      | Noticed Natasha
  2365 | D:3      | HP: 2/41 [Natasha (6)]
  2366 | D:3      | Slain by a white imp

Vault maps used:
D:1:      mrwooster_arrival_statue_2
D:2:      lemuel_round_altar, uniq_jessica
D:3:      first_bread, chequers_ecumenical_altar_simple_redux, uniq_natasha,
          uniq_terence

Skill      XL: |  1  2  3  4 |
---------------+-------------+-----
Maces & Flails | 2 |  2.5
Unarmed Combat | 1 3 4 |  4.3
Fighting       | |  3.0
Armour         | |  2.6
Shields        | |  2.6

Action                   |  1- 3 |  4- 6 || total
-------------------------+-------+-------++-------
Melee: Flail             |    29 |       ||    29
       Unarmed           |   145 |    60 ||   205
  Eat: Chunk             |     3 |     2 ||     5
Armor: Scale mail        |    89 |    16 ||   105
Dodge: Dodged            |    49 |    10 ||    59
Block: Shield            |    84 |    21 ||   105

Table legend:
 A = Spawn XP
 B = Non-spawn XP
 C = Spawn XP percentage of total XP
 D = Spawn monster count
 E = Non-spawn monster count
 F = Spawn count percentage of total count
 G = Total turns spent on level
                    A         B        C        D         E        F      G
               +---------+---------+-------+---------+---------+-------+---------
         Total |       0 |     262 |   0.0 |       0 |      49 |   0.0 |  2366
               +---------+---------+-------+---------+---------+-------+---------
           D:1 |       0 |      29 |   0.0 |       0 |      18 |   0.0 |  1015
           D:2 |       0 |      98 |   0.0 |       0 |      20 |   0.0 |   953
           D:3 |       0 |     135 |   0.0 |       0 |      11 |   0.0 |   398
               +---------+---------+-------+---------+---------+-------+---------
